 Dungeon Crawl Stone Soup version 0.23-a0-639-ga9a3373 (webtiles) character file.

1684 Leeroy the Carver (level 8, -3/61 HPs)
             Began as a Purple Draconian Skald on Dec 29, 2018.
             Was an Initiate of Vehumet.
             Hit by a tomahawk thrown by an orc warrior (8 damage)
             ... on level 7 of the Dungeon.
             The game lasted 00:17:29 (5476 turns).

Leeroy the Carver (Purple Draconian Skald)          Turns: 5476, Time: 00:17:30

Health: -3/61      AC:  8    Str: 14    XL:     8   Next: 71%
Magic:  0/14       EV: 12    Int: 16    God:    Vehumet [......]
Gold:   232        SH:  0    Dex: 10    Spells: 3/16 levels left

rFire    . . .     SeeInvis .   C - +3 whip (elec)
rCold    . . .     Gourm    .   (no shield)
rNeg     . . .     Faith    .   (armour unavailable)
rPois    .         Spirit   +   (helmet restricted)
rElec    .         Reflect  .   q - +1 cloak
rCorr    .         Harm     .   (no gloves)
MR       +....                  (no boots)
Stlth    +.........             z - amulet of guardian spirit
HPRegen  0.20/turn              (no ring)
MPRegen  0.14/turn              (no ring)

@: lethally poisoned (-3 -> -8), about to teleport
A: breathe power, unfitting armour, cold-blooded, AC +6
a: Breathe Dispelling Energy, Renounce Religion


You were on level 7 of the Dungeon.
You worshipped Vehumet.
Vehumet was noncommittal.
You were not hungry.

You visited 1 branch of the dungeon, and saw 7 of its levels.

You collected 232 gold pieces.

Inventory:

Hand Weapons
 a - a +0 falchion
 i - a +3 whip of electrocution
 j - a +0 short sword
 r - a cursed -2 spear
 w - a +0 arbalest
 A - a +0 rapier
 C - a +3 whip of electrocution (weapon)
 D - a +0 dagger of venom
 H - a +1 whip of flaming
 J - a +1 dagger of venom
 K - a +0 dagger
 M - a +2 spear of venom
 N - a +1 hand axe of chopping
 O - a +1 spear of piercing
 P - a cursed -2 dagger
 Q - a +0 war axe
Missiles
 b - 159 stones (quivered)
 f - 90 sling bullets
 u - 15 bolts
 I - 3 exploding tomahawks
 L - 27 arrows
Armour
 q - a +1 cloak (worn)
Jewellery
 z - an amulet of guardian spirit (around neck)
 R - an uncursed ring of fire {unknown}
Wands
 x - a wand of random effects (7)
 y - a wand of iceblast (21)
Scrolls
 d - a scroll of fear {unknown}
 g - 2 scrolls of enchant armour
 m - a scroll of random uselessness {unknown}
 o - 3 scrolls of fog
 s - 3 scrolls of teleportation
 t - 4 scrolls of remove curse {unknown}
 B - a scroll of blinking {unknown}
 G - 2 scrolls of immolation {unknown}
Potions
 e - a potion of agility {unknown}
 h - 3 potions of heal wounds {unknown}
 k - a potion of lignification {unknown}
 l - 2 potions of curing
 n - 2 potions of flight
 p - a potion of magic {unknown}
 v - a potion of degeneration {unknown}
 E - 2 potions of brilliance {unknown}
 F - a potion of haste {unknown}
Comestibles
 c - 9 rations
 S - 3 chunks of flesh


   Skills:
 - Level 2.1 Fighting
 * Level 9.6 Long Blades
 - Level 3.0 Maces & Flails
 - Level 2.1 Dodging
 - Level 4.5 Spellcasting
 + Level 3.4 Hexes
 - Level 3.2 Charms
 - Level 0.2 Necromancy


You had 3 spell levels left.
You knew the following spells:

 Your Spells              Type           Power        Failure   Level  Hunger
a - Infusion              Chrm           ##..         4%          1    None
b - Spectral Weapon       Hex/Chrm       ##......     12%         3    ###....
c - Regeneration          Chrm/Necr      #.........   22%         3    ###....
d - Throw Flame           Conj/Fire      #.....       24%         2    ##.....
e - Conjure Flame         Conj/Fire      #.......     43%         3    ###....
f - Flame Tongue          Conj/Fire      #....        16%         1    None

Your spell library contained the following spells:

 Spells                   Type           Power        Failure   Level  Hunger
 Song of Slaying          Chrm           ##......     6%          2    ##.....
 Shroud of Golubria       Chrm/Tloc      #.........   12%         2    ##.....
 Inner Flame              Hex/Fire       #.......     24%         3    ###....
 Sticky Flame             Conj/Fire      #.......     83%         4    ####...
 Fireball                 Conj/Fire      #.........   99%         5    ######.


Dungeon Overview and Level Annotations

Branches:
Dungeon (7/15)
 Temple: D:4-7

Altars:
Ashenzari
Cheibriados
Dithmenos
Elyvilon
Gozag
Qazlal
Ru
Vehumet

Shops:
D:6 *


Innate Abilities, Weirdness & Mutations

You can breathe bolts of dispelling energy.
Your rich purple scales are hard. (AC +6)
You cannot fit into any form of body armour.
You are cold-blooded and may be slowed by cold attacks.


Message History

You are poisoned.
The killer bee poisons you!
Found a ration.
You feel better. The killer bee closely misses you.
The water moccasin skeleton bites you but does no damage.
The killer bee stings you but does no damage.
The orc warrior hits you with a +0 war axe.
* * * LOW HITPOINT WARNING * * *
As you read the scroll labeled KAQUIR IMATIRPH, it crumbles to dust.
You feel strangely unstable.
It was a scroll of teleportation.
The killer bee stings you but does no damage.
The water moccasin skeleton barely misses you.
The killer bee barely misses you. The killer bee stings you.
* * * LOW HITPOINT WARNING * * *
You are lethally poisoned!
The killer bee poisons you!
* * * LOW HITPOINT WARNING * * *
You feel sick. The killer bee barely misses you.
The orc warrior throws a tomahawk.
The tomahawk hits you!
You die...

≈≈≈≈....####....
≈≈≈≈≈≈....##8...
≈≈≈≈≈≈≈..5# ##8#
.≈≈≈≈≈≈...#########
.≈≈≈≈≈≈...........###
.≈≈≈≈≈≈............%.
≈≈≈≈≈≈......o.....#
≈≈≈≈.......Zy.....#
≈y.........yy@.(..#
yy................#
.......############
.....# ...# ##


You could see an orc warrior, 3 killer bees, a crimson imp and a water moccasin
skeleton.

Vanquished Creatures
  Pikel (D:4)
  Grinder (D:4)
  An ogre (D:4)
  2 bullfrogs (D:6)
  3 scorpions (D:6)
  2 howler monkeys
  A crimson imp (D:6)
  A hound (D:4)
  A bullfrog skeleton (D:6)
  5 orc wizards
  A centaur skeleton (D:6)
  Terence (D:3)
  Jessica (D:2)
  An iguana (D:3)
  A worker ant (D:3)
  A hound zombie (D:6)
  2 howler monkey skeletons
  3 adders
  An adder skeleton (D:4)
  2 adder zombies (D:6)
  2 worms
  A dart slug (D:3)
  2 leopard geckos
  28 orcs
  A ball python (D:6)
  A bat (D:2)
  4 giant cockroaches
  4 goblins (D:1)
  6 hobgoblins
  17 jackals
  3 quokkas
  6 frilled lizards
  8 kobolds
  A quokka skeleton (D:4)
  A quokka zombie (D:6)
  6 rats
123 creatures vanquished.

Vanquished Creatures (others)
  An orc wizard (D:6)
1 creature vanquished.

Grand Total: 124 creatures vanquished

Notes
Turn   | Place    | Note
-------+----------+-------------------------------------------
     0 | D:1      | Leeroy the Draconian Skald began the quest for the Orb.
     0 | D:1      | Reached XP level 1. HP: 17/17 MP: 3/3
   384 | D:1      | Reached XP level 2. HP: 21/24 MP: 5/5
   518 | D:1      | Reached skill level 3 in Long Blades
   957 | D:2      | Noticed Jessica
   962 | D:2      | Killed Jessica
   962 | D:2      | Reached skill level 1 in Maces & Flails
   962 | D:2      | Reached XP level 3. HP: 29/29 MP: 6/6
  1059 | D:2      | Found a shadowy altar of Dithmenos.
  1075 | D:2      | Reached XP level 4. HP: 35/36 MP: 7/7
  1083 | D:2      | Learned a level 3 spell: Spectral Weapon
  1087 | D:2      | Learned a level 3 spell: Regeneration
  1164 | D:2      | Found an opulent altar of Gozag.
  1239 | D:2      | You fall through a shaft for 2 floors!
  1756 | D:3      | Reached skill level 4 in Long Blades
  1772 | D:3      | Noticed Terence
  1786 | D:3      | Killed Terence
  1786 | D:3      | Reached XP level 5. HP: 18/41 MP: 8/8
  1855 | D:3      | Found a stormy altar of Qazlal.
  1904 | D:3      | Noticed Grinder
  2252 | D:4      | Paralysed by Grinder for 2 turns
  2260 | D:4      | Killed Grinder
  2260 | D:4      | Reached skill level 6 in Long Blades
  2260 | D:4      | Reached XP level 6. HP: 18/48 MP: 4/9
  2743 | D:4      | Reached skill level 1 in Hexes
  2743 | D:4      | Your scales start taking on a rich purple colour.
  2743 | D:4      | Reached XP level 7. HP: 44/55 MP: 8/10
  2782 | D:4      | Reached skill level 7 in Long Blades
  3013 | D:4      | Found a white marble altar of Elyvilon.
  3096 | D:4      | Found a snail-covered altar of Cheibriados.
  3224 | D:4      | Noticed Pikel
  3230 | D:4      | Killed Pikel
  3230 | D:4      | Reached skill level 8 in Long Blades
  3230 | D:4      | Reached XP level 8. HP: 50/61 MP: 10/14
  3270 | D:4      | Found a sacrificial altar of Ru.
  3434 | D:5      | Entered Level 5 of the Dungeon
  3444 | D:5      | Found a shattered altar of Ashenzari.
  4646 | D:6      | Reached skill level 9 in Long Blades
  4674 | D:6      | Found a radiant altar of Vehumet.
  4787 | D:6      | Became a worshipper of Vehumet
  5044 | D:6      | Found Maorph's Assorted Antiques.
  5074 | D:6      | Got a shimmering plate armour
  5448 | D:6      | Learned a level 2 spell: Throw Flame
  5452 | D:6      | Learned a level 3 spell: Conjure Flame
  5454 | D:6      | Learned a level 1 spell: Flame Tongue
  5476 | D:7      | Hit by a tomahawk thrown by an orc warrior

Vault maps used:
D:1:      nicolae_arrival_washed_ashore, minmay_statues_item,
          ebering_dispersal_statue_hall
D:2:      grunt_gozag_breadcrumbs, first_ration, grunt_dithmenos_smoke,
          uniq_jessica
D:3:      lemuel_doored_altar, uniq_terence, uniq_grinder
D:4:      kennysheep_mini_moat, marbit_many_paths, kennysheep_little_box,
          nrook_mini_vaults, uniq_pikel
D:5:      cheibrodos_ashenzari_chains, nrook_pool_corridor
D:6:      minmay_diamond_boxcup, kennysheep_mini, serial_shops,
          nicolae_shop_overgrown_old_shop
D:7:      minmay_flawed_box, nicolae_overflow_hidden_temple, temple_pool_b

Skill      XL: |  1  2  3  4  5  6  7  8 |
---------------+-------------------------+-----
Long Blades    | 3 4 6 8 9 |  9.6
Maces & Flails | 1 3 |  3.0
Hexes          | 1 3 |  3.4
Charms         | 3 |  3.2
Spellcasting   | 4 |  4.5
Fighting       | |  2.1
Dodging        | |  2.1
Necromancy     | |  0.2

Action                   |  1- 3 |  4- 6 |  7- 9 || total
-------------------------+-------+-------+-------++-------
Melee: Falchion          |    35 |       |       ||    35
       Tailslap          |     4 |     8 |    28 ||    40
       Whip              |    46 |   127 |   102 ||   275
       Dagger            |       |       |   157 ||   157
 Fire: Arbalest          |       |       |     2 ||     2
Throw: Stone             |       |     2 |       ||     2
 Cast: Regeneration      |       |     2 |       ||     2
       Spectral Weapon   |       |     1 |       ||     1
 Abil: Breathe Dispellin |       |       |     3 ||     3
  Use: Scroll            |       |     6 |     4 ||    10
       Potion            |       |       |     2 ||     2
  Eat: Chunk             |     1 |     5 |     3 ||     9
       Ration            |       |       |     2 ||     2
Armor: Skin              |    26 |    34 |    83 ||   143
Dodge: Dodged            |    65 |    92 |   143 ||   300
       Rpst.: Falchion   |     4 |       |       ||     4

Table legend:
 A = Non-vault XP
 B = Vault XP
 C = Vault XP percentage of total XP
 D = Non-vault monster count
 E = Vault monster count
 F = Vault count percentage of total count
                 A         B        C        D         E       F
            +---------+---------+-------+---------+---------+-------
      Total |    1248 |    1158 |  48.1 |     116 |       8 |   6.5
            +---------+---------+-------+---------+---------+-------
        D:1 |      25 |       0 |   0.0 |      16 |       0 |   0.0
        D:2 |      40 |      37 |  48.1 |      17 |       1 |   5.6
        D:3 |     126 |      38 |  23.2 |      20 |       1 |   4.8
        D:4 |     422 |     941 |  69.0 |      19 |       2 |   9.5
        D:5 |      42 |       0 |   0.0 |       9 |       0 |   0.0
        D:6 |     590 |     142 |  19.4 |      34 |       4 |  10.5
        D:7 |       3 |       0 |   0.0 |       1 |       0 |   0.0
            +---------+---------+-------+---------+---------+-------
